 Dungeon Crawl Stone Soup version 0.26-a0-21-gf97e55dc39 (webtiles) character file.

Game seed: 8123261296225014474, levelgen mode: deterministic

79 Esekla the Ducker (level 4, -10/29 HPs)
             Began as an Octopode Warper on May 26, 2020.
             Mangled by an orc priest
             ... wielding a +0 flail
              (12 damage)
             ... on level 2 of the Dungeon.
             The game lasted 00:10:13 (2340 turns).

Esekla the Ducker (Octopode Warper)                 Turns: 2340, Time: 00:10:14

Health: -10/29     AC:  1    Str: 10    XL:     4   Next: 38%
Magic:  7/7        EV: 14    Int: 15    God:
Gold:   99         SH:  0    Dex: 12    Spells: 3/7 levels left

rFire    . . .     SeeInvis +   a - +0 falchion
rCold    + . .     Gourm    .   (no shield)
rNeg     . . .     Faith    .   (helmet restricted)
rPois    .         Spirit   .   n - amulet of magic regeneration
rElec    .         Reflect  .   g - ring of see invisible
rCorr    .         Harm     .   q - ring of protection from cold
MR       .....                  (no ring)
Stlth    +++.......             (no ring)
HPRegen  0.09/turn              (no ring)
MPRegen  0.35/turn              (no ring)
                                (no ring)
                                (no ring)

@: no status effects
A: almost no armour, stealthy swim, amphibious, 8 rings, constrict 8, camouflage
1, gelatinous body 1
a: no special abilities


You were on level 2 of the Dungeon.
You were not hungry.

You visited 1 branch of the dungeon, and saw 3 of its levels.

You collected 99 gold pieces.

Inventory:

Hand Weapons
 a - a +0 falchion (weapon)
 m - a +0 short sword
Missiles
 d - 5 boomerangs of dispersal (quivered)
Jewellery
 g - a ring of see invisible (left tentacle)
 n - an amulet of magic regeneration (around mantle)
 q - a ring of protection from cold (right tentacle)
Scrolls
 c - a scroll of blinking
 e - a scroll of teleportation {unknown}
 i - 2 scrolls of enchant armour {unknown}
 j - 2 scrolls of identify {unknown}
 k - a scroll of magic mapping {unknown}
 l - a scroll of random uselessness {unknown}
 o - a scroll of amnesia {unknown}
 r - a scroll of fog {unknown}
Potions
 b - a potion of brilliance {unknown}
 h - a potion of stabbing {unknown}
 p - a potion of ambrosia {unknown}
Comestibles
 f - 4 rations
 s - a chunk of flesh


   Skills:
 + Level 2.2 Fighting
 * Level 3.0 Long Blades
 - Level 1.0 Throwing
 * Level 3.2 Dodging
 + Level 1.0 Stealth
 + Level 2.3 Spellcasting
 * Level 0.6 Charms
 + Level 3.0 Translocations


You had 3 spell levels left.
You knew the following spells:

 Your Spells              Type           Power        Failure   Level  Hunger
a - Shroud of Golubria    Chrm/Tloc      #.....       16%         2    ###....
b - Blink                 Tloc           N/A          10%         2    ###....

Your spell library contained the following spells:

 Spells                   Type           Power        Failure   Level  Hunger
 Gell's Gravitas          Tloc           ##........   19%         3    ###....
 Lesser Beckoning         Tloc           ##........   19%         3    ###....
 Teleport Other           Tloc           ##......     19%         3    ###....
 Passage of Golubria      Tloc           N/A          52%         4    #####..


Dungeon Overview and Level Annotations

Branches:
Dungeon (3/15)

Altars:

Annotations:
D:2 Robin


Innate Abilities, Weirdness & Mutations

You cannot wear most types of armour.
You are very stealthy in the water. (Stealth+)
You are amphibious.
You can wear up to eight rings at the same time.
You can use your tentacles to constrict eight enemies at once.
Your skin changes colour to match your surroundings (Stealth+).
Your rubbery body absorbs attacks. (AC +1, EV +1)


Message History

You hit the orc. Your grab misses the orc.
The orc is severely wounded.
The orc barely misses you. The giant cockroach misses you.
The orc priest begins to cast a cantrip, but forgets the words!
You slash the orc!
You kill the orc!
The giant cockroach closely misses you.
You hit the orc priest but do no damage.
You grab the orc priest.
You constrict the orc priest, but do no damage.
The giant cockroach barely misses you.
The orc priest hits you with a +0 flail!
* * * LOW HITPOINT WARNING * * *
The giant cockroach bites you.
* * * LOW HITPOINT WARNING * * *
Okay, then.
You hit the orc priest but do no damage.
You constrict the orc priest.
The orc priest hits you with a +0 flail!
You die...

#......##.##
########.#...###.#
#........##### #.#
#.##############.#
#.# #.......# #.#
#.####### #.#
#.############ #.#
#####............#
#.#
#.o@s.....####.#.#
#.# #.#########
#.#.# #)# #.#
#.#.# #.# #.#
#.#.# #.# #.#
#.#.# #.# #.#
#.#.# #.# #.#
#...# #.# #.#
#..## # #.# ##.##
#..# #


You could see an orc priest and a giant cockroach.

Vanquished Creatures
  3 adders (D:2)
  4 leopard geckos
  2 orcs (D:2)
  2 bats
  2 giant cockroaches
  10 goblins
  7 hobgoblins
  8 kobolds
  3 frilled lizards
  2 rats (D:2)
43 creatures vanquished.

Notes
Turn   | Place    | Note
-------+----------+-------------------------------------------
     0 | D:1      | Esekla the Octopode Warper began the quest for the Orb.
     0 | D:1      | Reached XP level 1. HP: 14/14 MP: 3/3
   137 | D:1      | Reached XP level 2. HP: 14/19 MP: 5/5
   747 | D:2      | Reached XP level 3. HP: 24/24 MP: 6/6
   770 | D:2      | Learned a level 2 spell: Shroud of Golubria
   773 | D:2      | Learned a level 2 spell: Blink
  1128 | D:2      | Reached XP level 4. HP: 26/29 MP: 7/7
  1191 | D:2      | Noticed Robin
  1907 | D:2      | Reached skill level 1 in Stealth
  2005 | D:3      | Noticed a centaur
  2340 | D:2      | Mangled by an orc priest

Illustrated notes

Levels and vault maps discovered:
D:1:      psy_arrival_spokes, layout_basic, nrook_campfire
D:2:      layout_loops_ring, uniq_robin
D:3:      layout_rooms, minmay_overflow_temple_star_quad, marbit_many_paths

Skill      XL: |  1  2  3  4 |
---------------+-------------+-----
Dodging        | 3 |  3.2
Long Blades    | 3 |  3.0
Stealth        | 1 |  1.0
Fighting       | |  2.2
Throwing       | |  1.0
Spellcasting   | |  2.3
Charms         | |  0.6
Translocations | |  3.0

Action                   |  1- 3 |  4- 6 || total
-------------------------+-------+-------++-------
Melee: Falchion          |    51 |    27 ||    78
       Constrict         |    17 |     8 ||    25
       Tentacles         |    12 |     3 ||    15
 Cast: Shroud of Golubri |     2 |     4 ||     6
 Stab: Sleeping          |     4 |     1 ||     5
  Eat: Chunk             |       |     5 ||     5
Armor: Skin              |     7 |     3 ||    10
Dodge: Dodged            |    37 |    25 ||    62
       Rpst.: Falchion   |     8 |     4 ||    12

Table legend:
 A = Non-vault XP
 B = Vault XP
 C = Vault XP percentage of total XP
 D = Non-vault monster count
 E = Vault monster count
 F = Vault count percentage of total count
                 A         B        C        D         E       F
            +---------+---------+-------+---------+---------+-------
      Total |     108 |       6 |   5.3 |      40 |       3 |   7.0
            +---------+---------+-------+---------+---------+-------
        D:1 |      36 |       0 |   0.0 |      19 |       0 |   0.0
        D:2 |      72 |       6 |   7.7 |      21 |       3 |  12.5
            +---------+---------+-------+---------+---------+-------
